Map: Blueshift LE

Players

Piroxiljin

  • Race: Terran Terran
  • Spawn Location: 1:00

VOD

Have the link to the VOD?

Description

Time

  • Played on: Jan. 22, 2019, 11:18 a.m.
  • Length: 9:36
Show
View Real Time Build Order
Export as new Build Order

Piroxiljin Terran 

Build Orders:  

Get SALT Encoding   

  12  0:06  SCV  
  13  0:24  SCV  
  14  0:31  Supply Depot  
  14  0:41  SCV  
  15  1:01  SCV  
  15  1:06  Barracks  
  16  1:20  Barracks  
  16  1:24  SCV  
  17  1:36  Refinery  
  17  1:46  SCV  
  18  2:11  Barracks  
  18  2:14  SCV  
  19  2:37  Supply Depot  
  19  2:51  Barracks Reactor  
  19  3:01  Orbital Command  
  19  3:16  Refinery  
  19  3:21  Barracks Tech Lab  
  19  3:30  Barracks  
  19  3:50  Marine x2  
  19  3:53  Concussive Shells  
  19  3:57  Marauder  
  23  4:03  SCV  
  24  4:16  Marine  
  25  4:20  SCV  
  26  4:37  SCV, Marauder  
  29  4:40  Barracks Tech Lab  
  29  4:55  Command Center, Marine x2  
  31  5:15  SCV  
  30  5:42  Supply Depot  
  30  5:59  SCV  
  31  6:12  Marauder x2  
  35  6:22  SCV  
  36  6:40  SCV  
  36  6:41  Supply Depot  
  36  6:42  Marauder, Marine x2  
  36  6:45  Unknown  
  41  7:05  Marauder  
  41  7:07  Marine x2  
  45  7:12  Supply Depot, Marauder  
  47  7:35  Marauder  
  49  7:43  Engineering Bay  
  49  7:53  Marauder  
  49  7:54  Marine x2  
  53  8:05  Marauder  
  55  8:12  Orbital Command  
  55  8:23  Marine x2  
  55  8:24  Marauder  
  55  8:27  SCV  
  60  8:35  Marauder  
  62  8:41  Supply Depot  
Tags
 
Add a new tag
Caveats
  • Supply blocks, unpowered buildings, or Contaminate may cause inaccurate times.
  • Supply counts are checked every 10 seconds.